 Dungeon Crawl Stone Soup version 0.27.0-1-g7a089689b8 (webtiles) character file.

Game seed: 9560333908421642437

1761 ShadowedStranger the Fighter (level 9, -3/83 HPs)
             Began as a Hill Orc Fighter on Aug 12, 2021.
             Was an Initiate of Qazlal.
             Slain by a +0 spear of electrocution (13 damage)
             ... created by the wrath of Beogh
             ... on level 5 of the Dungeon.
             The game lasted 00:06:49 (4799 turns).

ShadowedStranger the Fighter (Hill Orc Fighter)     Turns: 4799, Time: 00:06:49

Health: -3/83      AC: 14    Str: 22    XL:     9   Next: 7%
Magic:  9/9        EV:  5    Int:  8    God:    Qazlal [......]
Gold:   304        SH: 10    Dex: 10    Spells: 8/8 levels left

rFire    . . .     SeeInvis .   e - +3 broad axe (freeze)
rCold    + . .     Faith    .   c - +0 kite shield
rNeg     . . .     Spirit   .   n - +0 plate armour
rPois    .         Reflect  .   k - +0 helmet
rElec    .         Harm     .   (no cloak)
rCorr    .         Rampage  .   (no gloves)
Will     .....                  (no boots)
Stlth    ..........             (no amulet)
HPRegen  0.23/turn              f - ring of protection from cold
MPRegen  0.11/turn              (no ring)

@: no status effects
A: no striking features
a: Renounce Religion


You were on level 5 of the Dungeon.
You worshipped Qazlal.
Qazlal was noncommittal.
You visited 2 branches of the dungeon, and saw 6 of its levels.

You collected 304 gold pieces.

Inventory:

Hand Weapons
 a - a +0 war axe
 e - a +3 broad axe of freezing (weapon)
Missiles
 m - a throwing net (quivered)
 A - 3 boomerangs
Armour
 b - a +0 scale mail
 c - a +0 kite shield (worn)
 k - a +0 helmet (worn)
 n - a +0 plate armour (worn)
Jewellery
 f - a ring of protection from cold (left hand)
 B - an amulet of faith
Wands
 h - a wand of iceblast (12)
 y - a wand of flame (20)
Scrolls
 i - 2 scrolls of identify
 j - a scroll of torment {unknown}
 l - a scroll of enchant weapon {unknown}
 p - a scroll of brand weapon {unknown}
 q - a scroll of magic mapping {unknown}
 u - 2 scrolls of fog {unknown}
 z - a scroll of amnesia {unknown}
Potions
 d - a potion of might
 g - 2 potions of degeneration {unknown}
 o - a potion of flight {unknown}
 r - 2 potions of brilliance {unknown}
 s - a potion of berserk rage {unknown}
 t - 2 potions of lignification {unknown}
 v - a potion of invisibility {unknown}
 w - a potion of experience {unknown}
 x - a potion of curing {unknown}


   Skills:
 * Level 9.3 Fighting
 + Level 7.1 Axes
 + Level 6.4 Armour
 + Level 6.4 Shields


You had 8 spell levels left.
You didn't know any spells.
Your spell library was empty.

Dungeon Overview and Level Annotations

Branches:
Dungeon (5/15)             Temple (1/1) D:5

Altars:
Cheibriados
Dithmenos
Elyvilon
Fedhas
Gozag
Hepliaklqana
Kikubaaqudgha
Makhleb
Nemelex Xobeh
Okawaru
Qazlal
Ru
Sif Muna
Trog
Uskayaw
Wu Jian
Yredelemnul
Zin
The Shining One
Beogh


Message History

The orc hits you but does no damage.
You barely miss the orc.
You block the +0 spear of electrocution's attack.
You block the orc's attack.
The +0 spear of electrocution completely misses you.
You hit the orc. You freeze the orc.
The orc is heavily wounded.
The orc hits you with a +0 club.
* * * LOW HITPOINT WARNING * * *
The +0 spear of electrocution hits you but does no damage.
You block the orc's attack.
You hit the orc. You freeze the orc.
You kill the orc!
Qazlal accepts your kill.
You block the +0 spear of electrocution's attack.
You slash the gnoll! You freeze the gnoll.
You kill the gnoll!
Qazlal accepts your kill.
The +0 spear of electrocution hits you but does no damage.
You block the gnoll's attack.
The +0 spear of electrocution hits you but does no damage.
You closely miss the gnoll. The gnoll hits you with a +0 whip.
* * * LOW HITPOINT WARNING * * *
The +0 spear of electrocution barely misses you.
You slash the gnoll! You freeze the gnoll.
You kill the gnoll!
Qazlal accepts your kill.
The +0 spear of electrocution hits you from afar.
* * * LOW HITPOINT WARNING * * *
You slash the orc! You freeze the orc.
You kill the orc!
Qazlal accepts your kill.
You block the +0 spear of electrocution's attack.
The +0 spear of electrocution hits you but does no damage.
Things that are here:
a +0 dagger; a +0 leather armour; an orc corpse You barely miss the +0 spear of electrocution.
The +0 spear of electrocution hits you but does no damage.
You are electrocuted!
You die...

.[.....#
#.#
.......#
##.##
.......#
#...#
†..^...#
#<..#
.......#
#...#
.......#
###.#
###.#.##
#.#
#.#<#
######.#
#.#.#
#.))@(.#
#..>#
#.######
##..# ..
#.†# ##
#..#
#..#
#..#
#..#
#..#


You could see a +0 spear of electrocution.

Vanquished Creatures
  The ghost of Us3rname the Chopper, a novice MiBe of Trog (D:4)
  Grinder (D:3)
  Sigmund (D:3)
  A dancing weapon (D:5)
  Edmund (D:5)
  Menkaure (D:5)
  A scorpion (D:4)
  4 wights (D:5)
  A howler monkey (D:5)
  A bullfrog zombie (D:5)
  A hound (D:5)
  A jelly (D:5)
  2 orc priests (D:4)
  A centaur skeleton (D:4)
  2 iguanas
  Jessica (D:2)
  Ijyb (D:5)
  Terence (D:3)
  2 orc wizards (D:5)
  A hound zombie (D:5)
  A hound skeleton (D:2)
  4 adders
  4 gnolls (D:5)
  2 ufetubi (D:5)
  2 worms (D:2)
  2 dart slugs
  17 orcs
  5 ball pythons
  10 endoplasms
  4 goblins
  4 hobgoblins
  2 jackals (D:2)
  6 kobolds
  5 quokkas
  6 bats
  A frilled lizard (D:1)
  5 rats
106 creatures vanquished.

Vanquished Creatures (others)
  A plant (D:5)
1 creature vanquished.

Grand Total: 107 creatures vanquished

Notes
Turn   | Place    | Note
-------+----------+-------------------------------------------
     0 | D:1      | ShadowedStranger the Hill Orc Fighter began the quest for
                  | the Orb.
     0 | D:1      | Reached XP level 1. HP: 19/19 MP: 1/1
   129 | D:1      | Reached XP level 2. HP: 24/27 MP: 2/2
   232 | D:1      | Reached skill level 4 in Fighting
   526 | D:1      | Reached XP level 3. HP: 32/33 MP: 3/3
   625 | D:1      | Found a faded altar of an unknown god.
   631 | D:1      | Became a worshipper of Beogh the Brigand
   631 | D:1      | Reached * piety under Beogh
  1157 | D:2      | Reached XP level 4. HP: 34/41 MP: 4/4
  1504 | D:2      | Noticed Jessica
  1512 | D:2      | Killed Jessica
  1650 | D:2      | Reached ** piety under Beogh
  1755 | D:2      | Reached skill level 5 in Fighting
  1806 | D:2      | Found a hide-covered altar of Uskayaw.
  1853 | D:2      | Identified a scroll of acquirement
  1855 | D:2      | Acquired a +3 broad axe of freezing
  1937 | D:3      | Found a blossoming altar of Fedhas.
  2031 | D:3      | Noticed Grinder
  2032 | D:3      | Paralysed by Grinder for 2 turns
  2036 | D:3      | Paralysed by Grinder for 5 turns
  2043 | D:3      | Paralysed by Grinder for 2 turns
  2050 | D:3      | Killed Grinder
  2051 | D:3      | Reached skill level 6 in Fighting
  2051 | D:3      | Reached XP level 5. HP: 9/50 MP: 5/5
  2051 | D:3      | Reached XP level 6. HP: 11/57 MP: 6/6
  2330 | D:3      | Noticed Terence
  2335 | D:3      | Killed Terence
  2381 | D:3      | Noticed Sigmund
  2391 | D:3      | Killed Sigmund
  2392 | D:3      | Reached skill level 5 in Axes
  2392 | D:3      | Reached XP level 7. HP: 35/64 MP: 7/7
  2899 | D:4      | Found a large runed translucent door.
  2899 | D:4      | Found a large runed translucent door.
  2908 | D:4      | Noticed Us3rname's ghost (novice MiBe)
  2951 | D:4      | Killed Us3rname's ghost
  2952 | D:4      | Reached skill level 7 in Fighting
  2952 | D:4      | Reached skill level 5 in Armour
  2952 | D:4      | Reached skill level 5 in Shields
  2952 | D:4      | Reached XP level 8. HP: 29/73 MP: 8/8
  3594 | D:5      | Entered Level 5 of the Dungeon
  3675 | D:5      | Reached skill level 8 in Fighting
  3726 | D:5      | Noticed Ijyb
  3737 | D:5      | Killed Ijyb
  3974 | D:5      | Noticed Edmund
  4037 | D:5      | Killed Edmund
  4286 | D:5      | Found a staircase to the Ecumenical Temple.
  4289 | D:5      | Noticed Menkaure
  4294 | D:5      | Killed Menkaure
  4295 | D:5      | Reached skill level 9 in Fighting
  4301 | Temple   | Entered the Ecumenical Temple
  4351 | Temple   | Fell from the grace of Beogh
  4351 | Temple   | Became a worshipper of Qazlal Stormbringer
  4659 | D:5      | Reached XP level 9. HP: 78/83 MP: 9/9
  4799 | D:5      | Slain by a +0 spear of electrocution

Illustrated notes

Levels and vault maps discovered:
D:1:      saegor_arrival_under_anarchy, layout_loops_cross,
          dreamdust_ecumenical_altar_angels_and_demons
D:2:      layout_basic, basic_altar, uniq_jessica
D:3:      layout_basic, mainiacjoe_overflow_boulevard, uniq_sigmund,
          uniq_terence, uniq_grinder
D:4:      layout_rooms, ebering_ghost_disaster_area
D:5:      layout_loops_ring, minmay_temple_entry_gardened_gates, serial_shops,
          nicolae_shop_temple_entry_statues_fountains, uniq_edmund,
          uniq_menkaure, uniq_ijyb
Temple:   grunt_wide_crystal_templ

Skill      XL: |  1  2  3  4  5  6  7  8  9 |
---------------+----------------------------+-----
Fighting       | 4 6 7 9 |  9.3
Axes           | 3 4 5 6 7 |  7.1
Armour         | 4 5 6 |  6.4
Shields        | 4 5 6 |  6.4

Action                   |  1- 3 |  4- 6 |  7- 9 || total
-------------------------+-------+-------+-------++-------
Melee: War axe           |    79 |    38 |       ||   117
       Broad axe         |       |    23 |   167 ||   190
  Use: Scroll            |       |     4 |       ||     4
Armor: Scale mail        |    25 |    35 |       ||    60
       Plate armour      |       |     1 |   102 ||   103
Dodge: Dodged            |    20 |    20 |    23 ||    63
Block: Kite shield       |    35 |    36 |    84 ||   155
